 Dungeon Crawl Stone Soup version 0.31-a0-175-g9f7f995f2b (webtiles) character file.

Game seed: 14124191499259453209

3118 olmar the Protected (level 9, -9/79 HPs)
             Began as an Armataur Fighter on June 17, 2023.
             Mangled by a spark wasp (12 damage)
             ... on level 8 of the Dungeon.
             The game lasted 00:11:32 (7650 turns).

olmar the Protected (Armataur Fighter)              Turns: 7650, Time: 00:11:33

Health: -9/79      AC: 17    Str: 26    XL:     9   Next: 60%
Magic:  9/9        EV:  5    Int:  9    God:
Gold:   444        SH: 10    Dex:  9    Spells: 8/8 levels left

rFire   . . .        a - +1 flail (heavy)
rCold   . . .        c - +0 buckler
rNeg    . . .        C - +0 plate armour
rPois   .            B - +0 helmet
rElec   .            l - scarf {shadows}
rCorr   .            (no gloves)
SInv    .            (no barding)
Will    .....        n - amulet of reflection Stlth
                     d - +4 ring of protection
HPRegen 0.33/turn    (no ring)
MPRegen 0.11/turn

%: reflection, roll
@: about to teleport
A: large, rugged brown scales 3, deformed body, armoured tail, roll, long
tongue, awkward tongue
a: no special abilities


You were on level 8 of the Dungeon.
You visited 2 branches of the dungeon, and saw 9 of its levels.

You collected 444 gold pieces.

Inventory:

Hand Weapons
 a - a +1 heavy flail (weapon)
 y - a +0 whip of freezing
 J - a +0 dire flail
Missiles
 f - 14 poisoned darts (quivered)
 z - 5 boomerangs
 A - 3 boomerangs of dispersal
 G - a curare-tipped dart
Armour
 b - a +0 scale mail
 c - a +0 buckler (worn)
 g - a +0 cloak
 l - a scarf of shadows (worn)
 B - a +0 helmet (worn)
 C - a +0 plate armour (worn)
Jewellery
 d - a +4 ring of protection (left hand)
 e - an amulet of the acrobat
 n - an amulet of reflection (around neck)
Wands
 H - a wand of polymorph (7)
Scrolls
 o - 2 scrolls of noise
 s - a scroll of vulnerability
 x - a scroll of fear
 D - a scroll of fog
 E - a scroll of immolation
Potions
 i - 2 potions of mutation
 k - a potion of curing
 m - a potion of heal wounds
 r - a potion of lignification
 t - 2 potions of attraction
 I - a potion of resistance
 K - a potion of ambrosia


   Skills:
 + Level 5.1 Fighting
 + Level 7.5 Maces & Flails
 + Level 0.2 Throwing
 + Level 8.6 Armour
 - Level 1.2 Dodging
 - Level 2.6 Stealth
 + Level 7.7 Shields
 + Level 0.8 Evocations


You had 8 spell levels left.
You didn't know any spells.
Your spell library contained the following spells:

 Spells                   Type           Power      Damage    Failure   Level
 Poisonous Vapours        Pois/Air       0%         N/A       100%        2
 Ignite Poison            Fire/Tmut/Pois 0%         N/A       100%        3
 Inner Flame              Hex/Fire       0%         N/A       100%        3
 Mephitic Cloud           Conj/Pois/Air  0%         N/A       100%        3
 Sticky Flame             Conj/Fire      0%         2d3       100%        4
 Freezing Cloud           Conj/Ice/Air   0%         6-21      100%        5
 Yara's Violent Unravell  Hex/Tmut       0%         3d3       100%        5
 Enfeeble                 Hex            0%         N/A       100%        7
 Ignition                 Fire           0%         3d3       100%        8


Dungeon Overview and Level Annotations

Branches:
Dungeon (8/15)             Temple (1/1) D:4
   Lair: D:8-11

Altars:
Ashenzari
Cheibriados
Dithmenos
Elyvilon
Fedhas
Hepliaklqana
Kikubaaqudgha
Makhleb
Nemelex Xobeh
Qazlal
Ru
Sif Muna
Trog
Uskayaw
Vehumet
Wu Jian
Xom
Yredelemnul
The Shining One

Shops:
D:1 =   D:6 =

Annotations:
D:5 2 transporters, SigmundSlayer's ghost, novice DgHu


Innate Abilities, Weirdness & Mutations

You are completely covered in rugged brown scales. (AC +3, +7% HP)
Armour fits poorly on your strangely shaped body.
You have a long armoured tail.
You roll when moving toward enemies. (Rampage)
Your long tongue fully drains potion bottles. (2x potion effects)
Your tongue gives you trouble enunciating. (1.5x scroll delay)


Message History

Aiming: Paralyse
Press: ? - help, Shift-Dir - straight line, f/p - eight-headed hydra
Aim: an eight-headed hydra (chance to affect: 18%)
The eight-headed hydra resists with almost no effort.
The now-empty wand crumbles to dust.
Unknown command.
Unknown command.
Aiming: Polymorph
Press: ? - help, Shift-Dir - straight line, f/p - eight-headed hydra
Aim: an eight-headed hydra (will become a shining eye, a spark wasp, or an eye of devastation, chance to affect: 18%)
The eight-headed hydra resists with almost no effort.
Unknown command.
Aiming: Polymorph
Press: ? - help, Shift-Dir - straight line, f/p - eight-headed hydra
Aim: an eight-headed hydra (will become a shining eye, a spark wasp, or an eye of devastation, chance to affect: 18%)
The eight-headed hydra evaporates and reforms as a spark wasp!
Unknown command.
Unknown command.
You barely miss the spark wasp. You block the spark wasp's attack. x2
The spark wasp stings you! The spark wasp shocks you!
You closely miss the spark wasp.
The spark wasp stings you but does no damage.
The spark wasp completely misses you.
You completely miss the spark wasp. The spark wasp barely misses you.
The spark wasp stings you but does no damage.
Unknown command.
Unknown command.
You barely miss the spark wasp. You tail-slap the spark wasp.
The spark wasp is lightly wounded.
You block the spark wasp's attack. The spark wasp stings you!
The spark wasp shocks you!
You are too injured to fight recklessly!
Unknown command.
Unknown command.
Okay, then.
As you slowly read the scroll of teleportation, it crumbles to dust.
You feel strangely unstable. The spark wasp stings you!!
* * * LOW HITPOINT WARNING * * *
The spark wasp shocks you!
You die...

##..###### ##)..###
###.## #......## #..#
#.......#.##
##.#######...........
#.#.....#......##.#.
#....)..#......#....
###.....#...........
#.....#...........
#..........@y.....
#.....######......
#.....# ......
#.....# .....^
#.....# #.....
#.....# ..... #######
.....


You could see a spark wasp.

Vanquished Creatures
  A two-headed ogre (D:8)
  Sigmund (D:3)
  Eustachio (D:5)
  A wyvern (D:8)
  2 water moccasins (D:6)
  An ice beast (D:6)
  A sky beast (D:5)
  An ogre (D:4)
  A kobold brigand (D:6)
  A gnoll sergeant (D:5)
  2 scorpions
  4 bullfrogs
  3 killer bees (D:6)
  4 howler monkeys
  2 orc priests (D:8)
  3 hounds (D:6)
  5 jellies
  2 sleepcaps
  A gnoll bouda (D:8)
  4 iguanas
  2 orc wizards
  12 gnolls
  8 adders
  A white imp (D:6)
  An ufetubus (D:6)
  A worm (D:2)
  A dart slug (D:2)
  22 orcs
  4 ball pythons
  7 bats
  7 endoplasms
  4 giant cockroaches
  8 goblins
  5 hobgoblins
  4 quokkas
  A frilled lizard (D:2)
  7 kobolds
136 creatures vanquished.

Notes
Turn   | Place    | Note
-------+----------+-------------------------------------------
     0 | D:1      | olmar the Armataur Fighter began the quest for the Orb.
     0 | D:1      | Reached XP level 1. HP: 19/19 MP: 1/1
   247 | D:1      | Reached XP level 2. HP: 26/26 MP: 2/2
   255 | D:1      | Found a faded altar of an unknown god.
   325 | D:1      | Found Viast's Jewellery Shop.
   749 | D:2      | Found a blossoming altar of Fedhas.
   905 | D:2      | Identified the +1 robe "Jaruo" {rF+ Str+6 Int-5}
  1017 | D:2      | Reached XP level 3. HP: 29/32 MP: 3/3
  1186 | D:2      | Reached skill level 4 in Armour
  1763 | D:3      | Noticed Sigmund
  1780 | D:3      | Killed Sigmund
  1781 | D:3      | Reached XP level 4. HP: 28/40 MP: 4/4
  1781 | D:3      | Reached XP level 5. HP: 34/48 MP: 5/5
  2029 | D:3      | Found a white marble altar of Elyvilon.
  2154 | D:3      | Reached skill level 5 in Armour
  2692 | D:4      | Reached XP level 6. HP: 46/54 MP: 6/6
  3015 | D:4      | Found a staircase to the Ecumenical Temple.
  3105 | Temple   | Entered the Ecumenical Temple
  3512 | D:5      | Entered Level 5 of the Dungeon
  3524 | D:5      | Noticed a sky beast
  3547 | D:5      | HP: 2/54 [something (5)]
  3563 | D:5      | Killed a sky beast
  3873 | D:5      | Reached XP level 7. HP: 60/60 MP: 7/7
  4099 | D:5      | Found a hazy altar of Hepliaklqana.
  4128 | D:5      | Reached skill level 6 in Armour
  4201 | D:5      | Reached skill level 5 in Maces & Flails
  4533 | D:5      | Noticed Eustachio
  4556 | D:5      | Killed Eustachio
  4557 | D:5      | Reached skill level 5 in Shields
  4642 | D:5      | Found a transporter.
  4644 | D:5      | Found a transporter.
  4644 | D:5      | Noticed SigmundSlayer's ghost (novice DgHu)
  4795 | D:5      | Reached skill level 1 in Dodging
  5245 | D:6      | Reached XP level 8. HP: 64/70 MP: 8/8
  5296 | D:6      | Reached skill level 1 in Stealth
  5313 | D:6      | Reached skill level 7 in Armour
  5739 | D:6      | Found Quihusm's One-of-a-Kind Rings.
  6216 | D:6      | Reached XP level 9. HP: 65/77 MP: 9/9
  6488 | D:7      | Found a stormy altar of Qazlal.
  6603 | D:7      | Found a shimmering blue altar of Sif Muna.
  6649 | D:7      | Found a burning altar of Makhleb.
  6958 | D:8      | Noticed a two-headed ogre
  6967 | D:8      | Killed a two-headed ogre
  6968 | D:8      | Reached skill level 5 in Fighting
  6968 | D:8      | Reached skill level 8 in Armour
  7519 | D:8      | Noticed an eight-headed hydra
  7645 | D:8      | an eight-headed hydra changed into a spark wasp
  7645 | D:8      | Noticed a spark wasp
  7650 | D:8      | HP: 3/79 [spark wasp (23)]
  7650 | D:8      | Mangled by a spark wasp

Illustrated notes

Levels and vault maps discovered:
D:1:      onia_arrival_pyramid, layout_loops_cross, serial_shops,
          nicolae_shop_waterfront, chequers_ecumenical_altar_simple
D:2:      minmay_alternating_diamond, layout_basic, basic_altar
D:3:      layout_basic, mainiacjoe_overflow_cross_hatched, uniq_sigmund
D:4:      layout_basic, minmay_temple_entry_trees, kennysheep_generic_room_12
D:5:      layout_basic, general_overflow_altar, gammafunk_ghost_smash,
          uniq_eustachio
D:6:      layout_rooms, nicolae_shop_unique_rings
D:7:      layout_cave_pools, lemuel_blue_sif_altar, grunt_qazlal_sundering,
          lightli_temple_of_fire
D:8:      layout_rooms
Temple:   zaba_magenta_temple

Skill      XL: |  1  2  3  4  5  6  7  8  9 |
---------------+----------------------------+-----
Maces & Flails | 2 3 4 5 6 7 |  7.5
Armour         | 4 5 6 7 8 |  8.6
Fighting       | 3 4 5 |  5.1
Shields        | 4 5 7 |  7.7
Dodging        | 1 |  1.2
Stealth        | 1 2 |  2.6
Throwing       | |  0.2
Evocations     | |  0.8

Action                     |  1- 3 |  4- 6 |  7- 9 || total
---------------------------+-------+-------+-------++-------
  Melee: Flail             |    95 |   138 |   272 ||   505
         Tailslap          |    12 |    12 |    57 ||    81
         Whip              |       |       |   122 ||   122
  Throw: Dart              |       |       |     4 ||     4
  Evoke: Wand              |       |       |     9 ||     9
    Use: Potion            |     1 |     1 |     8 ||    10
         Scroll            |       |       |    16 ||    16
   Stab: Invisible         |       |       |     4 ||     4
         Paralysed         |       |       |     4 ||     4
 Armour: Scale mail        |    43 |    51 |       ||    94
         Plate armour      |       |     3 |   310 ||   313
  Dodge: Dodged            |    33 |    23 |    92 ||   148
  Block: Buckler           |    20 |    48 |   236 ||   304
         Reflection        |       |     4 |     3 ||     7

Table legend: (Time is in decaauts)
 A = Elapsed time spent in this place.
 B = Non-inter-level travel time spent in this place.
 C = Inter-level travel time spent in this place.
 D = Time resting spent in this place.
 E = Time spent auto-exploring this place.
 F = Levels seen in this place.
 G = Mean time per level.
                   A        B        C        D        E       F      G
               +--------+--------+--------+--------+--------+-----+--------+
         Total |   7733 |   7392 |    341 |    922 |   5017 |   9 |  859.2 |
       Dungeon |   7653 |   7313 |    340 |    922 |   4970 |   8 |  956.6 |
        Temple |     79 |     79 |      0 |      0 |     47 |   1 |   79.0 |
               +--------+--------+--------+--------+--------+-----+--------+

Top non-repeatable levels by time:
     D:5: 1484 daAuts
     D:2: 1127 daAuts
     D:6: 1118 daAuts
     D:4: 1059 daAuts
     D:3: 927 daAuts
     D:8: 665 daAuts
     D:7: 640 daAuts
     D:1: 630 daAuts
  Temple: 79 daAuts
